Workbook

Sheet Локальная смета 1
A1: ФОРМА № 4
A2: Наименование стройки -
A3: Объект
A4: ЛОКАЛЬНАЯ СМЕТА № 1.01
A5: на Разборку и омоноличивание балок
A6: Основание | M6: Сметная стоимость - | T6: 338,654 тыс.руб
A7: Чертежи №
A9: Составлена в ценах I квартала 2009 г
A10: № п/п | B10: Шифр и номер позиции норматива | C10: Наименование работ и затрат | E10: Количество | F10: Стоимость на единицу, руб | K10: Общая стоимость, руб. | V10: Затраты труда рабочих, чел.-ч. не занят. обсл. машин
F11: Всего | G11: Экспл. машин | I11: Материалы | K11: Всего | N11: Основной зарплаты | Q11: Экспл. машин | S11: Материалы | V11: обслуживающ. машины
E12: ед. изм.
F13: Основной зарплаты | G13: В т.ч. зарплаты | Q13: В т.ч. зарплаты | V13: На един. | X13: Всего
A14: №1 <Нет раздела>
A15: 1 | B15: 2 | C15: 3 | E15: 4 | F15: 5 | G15: 6 | I15: 7 | K15: 8 | N15: 9 | Q15: 10 | S15: 11 | V15: 12 | X15: 13
A16: 1 | B16: ФЕР46-04-003-05 | C16: Разборка бетонных конструкций объемом более 1 м3 при помощи отбойных молотков из бетона марки: 300 | E16: 2.1164 | F16: 3946.39 | G16: 3523.39 | I16: 0 | K16: 8352.14 | N16: 895.24 | Q16: 7456.9 | S16: 0 | V16: 49.59 | X16: 104.95
B17: (0) | E17: 1 м3 | F17: 423 | G17: 232.18 | Q17: 491.39 | V17: 23.08 | X17: 48.85
A18: 2 | B18: ССЦ01.2000 п.3 | C18: Погрузочные работы: Изделия из сборного железобетона, бетона, керамзитобетона массой до 3 т -Погрузка мусора от разборки | E18: 5.291 | F18: 7.46 | G18: 0 | I18: 0 | K18: 39.47 | N18: 39.47 | Q18: 0 | S18: 0
E19: тонн | F19: 7.46 | G19: 0 | Q19: 0
A20: 3 | B20: ССЦ01.2000 Табл.8-1 | C20: Расстояние перевозки - от 0,1 до 1 км, класс груза - 1, раздел таблицы - 8 | E20: 5.291 | F20: 2.6 | G20: 0 | I20: 0 | K20: 13.76 | N20: 0 | Q20: 0 | S20: 0
E21: тонн
A22: 4 | B22: ССЦ01.2000 п.3 | C22: Погрузочные работы: Изделия из сборного железобетона, бетона, керамзитобетона массой до 3 т Объем:((17,6017-2,1164)+3,84)*2,5 -Погрузка подготовленных балок | E22: 48.31325 | F22: 7.46 | G22: 7.46 | I22: 0 | K22: 360.42 | N22: 0 | Q22: 360.42 | S22: 0
E23: тонн | F23: 0 | G23: 1.21 | Q23: 58.46
A24: 5 | B24: ССЦ01.2000 Табл.8-1 | C24: Расстояние перевозки - от 0,1 до 1 км, класс груза - 1, раздел таблицы - 8 -перевозка балок со склада до места монтажа | E24: 48.31325 | F24: 2.6 | G24: 2.6 | I24: 0 | K24: 125.61 | N24: 0 | Q24: 125.61 | S24: 0
E25: тонн
A26: 6 | B26: ССЦ01.2000 п.3 | C26: Разгрузочные работы: Изделия из сборного железобетона, бетона, керамзитобетона массой до 3 т | E26: 48.31325 | F26: 7.46 | G26: 7.46 | I26: 0 | K26: 360.42 | N26: 0 | Q26: 360.42 | S26: 0
E27: тонн | F27: 0 | G27: 1.21 | Q27: 58.46
A28: 7 | B28: ФЕР46-03-001-01 | C28: Сверление кольцевыми алмазными сверлами в железобетонных конструкциях с применением охлаждающей жидкости (воды) вертикальных отверстий глубиной 200 мм диаметром 20 мм -сверление отв. Глубиной 160 мм диаметром 16 мм | E28: 3.2 | F28: 1964.83 | G28: 647.07 | I28: 1141.13 | K28: 6287.46 | N28: 565.22 | Q28: 2070.62 | S28: 3651.62 | V28: 17.3 | X28: 55.36
B29: (0) | E29: 100 отверстий | F29: 176.63 | G29: 173.62 | Q29: 555.58 | V29: 16.41 | X29: 52.51
A30: 8 | B30: ФЕР13-06-002-01 | C30: Очистка кварцевым песком сплошных наружных поверхностей отверстий | E30: 2.41152 | F30: 57.887 | G30: 45.7375 | I30: 8.32 | K30: 139.6 | N30: 9.23 | Q30: 110.3 | S30: 20.06 | V30: 0.4485 | X30: 1.08
B31: (0) | C31: ЗП=3,33*1,15; ЭММ=36,59*1,25; ЗПм=2,92*1,25; ТЗТ=0,39*1,15; ТЗТм=0,41*1,25 | E31: 1 м2 очищаемой поверхности | F31: 3.8295 | G31: 3.65 | Q31: 8.8 | V31: 0.5125 | X31: 1.24
A32: 9 | B32: ФЕР13-06-004-01 | C32: Обеспыливание поверхности отверстий | E32: 2.41152 | F32: 1.315 | G32: 0.3375 | I32: 0 | K32: 3.17 | N32: 2.36 | Q32: 0.81 | S32: 0 | V32: 0.115 | X32: 0.28
B33: (0) | C33: ЗП=0,85*1,15; ЭММ=0,27*1,25; ЗПм=0*1,25; ТЗТ=0,1*1,15; ТЗТм=0*1,25 | E33: 1 м2 обеспыливаемой поверхности | F33: 0.9775 | G33: 0 | Q33: 0 | V33: 0 | X33: 0
A34: 10 | B34: ФЕР04-02-007-01 | C34: Резка арматуры на элементы длиной 0,3 м | E34: 311 | F34: 4.42 | G34: 1.69 | I34: 1.19 | K34: 1374.62 | N34: 478.94 | Q34: 525.59 | S34: 370.09 | V34: 0.17 | X34: 52.87
B35: (0) | E35: 1 резка | F35: 1.54 | G35: 0 | Q35: 0 | V35: 0.02 | X35: 6.22
A36: 11 | B36: ФЕР06-01-015-01 | C36: Установка анкерных болтов в готовые гнезда с заделкой длиной до 1 м -установка арматуры длиной 0,3 м | E36: 0.085248 | F36: 13379.351 | G36: 69.875 | I36: 10103.46 | K36: 1140.56 | N36: 273.31 | Q36: 5.96 | S36: 861.3 | V36: 362.2615 | X36: 30.88
B37: (0) | C37: ЗП=2787,84*1,15; ЭММ=55,9*1,25; ЗПм=3,38*1,25; ТЗТ=315,01*1,15; ТЗТм=0,62*1,25 | E37: 1 т | F37: 3206.016 | G37: 4.225 | Q37: 0.36 | V37: 0.775 | X37: 0.07
A38: 11.1 | B38: [204-0059] | C38: Анкерные детали из прямых или гнутых круглых стержней с резьбой (в комплекте с шайбами и гайками или без них), поставляемые отдельно | E38: 0.085248 | G38: 1 | I38: -10100 | S38: -861
E39: т
A40: 11.2 | B40: [204-0022] | C40: Горячекатаная арматурная сталь периодического профиля класса А-III, диаметром 12 мм V=0,085248*1.01 | E40: 0.08610048 | G40: 1.01 | I40: 7997.23 | S40: 688.57
E41: т
A42: 12 | B42: ФЕРр69-12-01 | C42: Приготовление растворов вручную цементных для заливки отверстий | E42: 0.022 | F42: 24.57 | G42: 0 | I42: 0 | K42: 0.54 | N42: 0.54 | Q42: 0 | S42: 0 | V42: 3.15 | X42: 0.07
B43: (0) | E43: 1 м3 раствора | F43: 24.57 | G43: 0 | Q43: 0 | V43: 0 | X43: 0
A44: 12.1 | B44: [Цена поставщика] | C44: Ceresit CX-5 S=1512/25/1.18*1.13/6.31 Объем:0,022*1600 кг/м3 | E44: 35.2 | G44: 1600 | I44: 9.179 | S44: 323.1
E45: кг
A46: 13 | B46: ФЕР07-01-001-15 | C46: Укладка балок фундаментных длиной до 6 м | E46: 0.4 | F46: 11873.057 | G46: 4768.425 | I46: 2604.97 | K46: 4749.22 | N46: 1799.86 | Q46: 1907.37 | S46: 1041.99 | V46: 478.6875 | X46: 191.48
B47: (0) | C47: ЗП=3912,75*1,15; ЭММ=3814,74*1,25; ЗПм=444,69*1,25; ТЗТ=416,25*1,15; ТЗТм=41,14*1,25 | E47: 100 шт. сборных конструкций | F47: 4499.6625 | G47: 555.8625 | Q47: 222.35 | V47: 51.425 | X47: 20.57
A48: 13.1 | B48: [401-0086] | C48: Бетон тяжелый, крупность заполнителя 10 мм, класс В15 (М200) | E48: 1.22 | G48: 3.05 | I48: 665 | S48: 811.3
E49: м3
A50: 13.2 | B50: [401-0209] | C50: Бетон гидротехнический, класс В25 (М350) S=789,24+13.6872 | E50: 3.9168 | G50: 9.792 | I50: 802.9272 | S50: 3144.91
E51: м3
A53: ИТОГО: | K53: 27040.11 | N53: 4064.17 | Q53: 12924 | S53: 10051.94 | V53: 436.97
Q54: 1395.4 | V54: 129.46
A56: Наименование и значение множителей | H56: Значение | J56: Прямые | L56: З/пл | O56: Маш/мех | R56: З/пл. маш | U56: Мат | W56: Затр. труд. | Y56: Затр. труд. маш.
A57: Бетонные и железобетонные монолитные конструкции в строительстве:промышленном . (11)
A58: Накладные расходы | H58: 1.05 | J58: 287.35 | L58: 0 | O58: 0 | R58: 0 | U58: 0 | W58: 0 | Y58: 0
A59: Сметная прибыль | H59: 0.65 | J59: 177.89 | L59: 0 | O59: 0 | R59: 0 | U59: 0 | W59: 0 | Y59: 0
A60: Бетонные и железобетонные сборные конструкции в строительстве:промышленном .(13)
A61: Накладные расходы | H61: 1.3 | J61: 2628.87 | L61: 0 | O61: 0 | R61: 0 | U61: 0 | W61: 0 | Y61: 0
A62: Сметная прибыль | H62: 0.85 | J62: 1718.88 | L62: 0 | O62: 0 | R62: 0 | U62: 0 | W62: 0 | Y62: 0
A63: Защита строительных конструкций и оборудования от коррозии. (8, 9)
A64: Накладные расходы | H64: 0.9 | J64: 18.35 | L64: 0 | O64: 0 | R64: 0 | U64: 0 | W64: 0 | Y64: 0
A65: Сметная прибыль | H65: 0.7 | J65: 14.27 | L65: 0 | O65: 0 | R65: 0 | U65: 0 | W65: 0 | Y65: 0
A66: Изготовление материалов, полуфабрикатов, металлических и трубопроводных заготовок. (12)
A67: Накладные расходы | H67: 0.66 | J67: 0.36 | L67: 0 | O67: 0 | R67: 0 | U67: 0 | W67: 0 | Y67: 0
A68: Сметная прибыль | H68: 0.5 | J68: 0.27 | L68: 0 | O68: 0 | R68: 0 | U68: 0 | W68: 0 | Y68: 0
A69: Работы по реконструкции зданий и сооружений (усиление и замена существующих конструкций, разборка и возведение отдельных конструктивных элементов).(1, 2, 4, 6, 7)
A70: Накладные расходы | H70: 1.1 | J70: 2930.2 | L70: 0 | O70: 0 | R70: 0 | U70: 0 | W70: 0 | Y70: 0
A71: Сметная прибыль | H71: 0.7 | J71: 1864.67 | L71: 0 | O71: 0 | R71: 0 | U71: 0 | W71: 0 | Y71: 0
A72: Скважины. (10)
A73: Накладные расходы | H73: 1.12 | J73: 536.41 | L73: 0 | O73: 0 | R73: 0 | U73: 0 | W73: 0 | Y73: 0
A74: Сметная прибыль | H74: 0.51 | J74: 244.26 | L74: 0 | O74: 0 | R74: 0 | U74: 0 | W74: 0 | Y74: 0
A75: Итого | H75: 0 | J75: 37461.89 | L75: 4064.17 | O75: 12924 | R75: 1395.4 | U75: 10051.94 | W75: 436.97 | Y75: 129.46
A76: Индекс на СМР на I квартал 2009 года (Письмо Минрегиона России №3652-СК/08 от 12.02.2009 г.) | H76: 6.31 | J76: 236384.53 | L76: 0 | O76: 0 | R76: 0 | U76: 0 | W76: 0 | Y76: 0
A77: Итого | H77: 0 | J77: 236384.53 | L77: 0 | O77: 0 | R77: 0 | U77: 0 | W77: 0 | Y77: 0
A78: Временные здания и сооружения (ГСН 81-05-01-2001 прилож.1 п.3.10) | H78: 5,2% | J78: 12292 | L78: 0 | O78: 0 | R78: 0 | U78: 0 | W78: 0 | Y78: 0
A79: Итого | H79: 0 | J79: 248676.53 | L79: 0 | O79: 0 | R79: 0 | U79: 0 | W79: 0 | Y79: 0
A80: Зимнее удорожание (ГСН 81-05-02-2001 табл.4 п.7.3) | H80: 2,1% | J80: 5222.21 | L80: 0 | O80: 0 | R80: 0 | U80: 0 | W80: 0 | Y80: 0
A81: Итого | H81: 0 | J81: 253898.74 | L81: 0 | O81: 0 | R81: 0 | U81: 0 | W81: 0 | Y81: 0
A82: ДЭС (4,16-0,35)*7,3*1000/1000 000) | H82: 278.13 | J82: 7061.69 | L82: 0 | O82: 0 | R82: 0 | U82: 0 | W82: 0 | Y82: 0
A83: Итого | H83: 0 | J83: 260960.43 | L83: 0 | O83: 0 | R83: 0 | U83: 0 | W83: 0 | Y83: 0
A84: Затраты на командировочные,перевозку рабочих и проживание:(335,73+111,12)/8*550/1,18 | J84: 26034.693 | L84: 0 | O84: 0 | R84: 0 | U84: 0 | W84: 0 | Y84: 0
A85: Итого | H85: 0 | J85: 286995.12 | L85: 0 | O85: 0 | R85: 0 | U85: 0 | W85: 0 | Y85: 0
A86: НДС | H86: 0.18 | J86: 51659.12 | L86: 0 | O86: 0 | R86: 0 | U86: 0 | W86: 0 | Y86: 0
A87: Итого | H87: 0 | J87: 338654.24 | L87: 0 | O87: 0 | R87: 0 | U87: 0 | W87: 0 | Y87: 0

Sheet SMW_Служебная
A1: Разборка балок и омоноличивание.smw
A2: ='Локальная смета 1'!A1 -> ФОРМА № 4 | B2: 0 | C2: 0 | D2: 0 | E2: 0 | F2: 700
A3: ='Локальная смета 1'!A2 -> Наименование стройки - | B3: 0 | C3: 1 | D3: 0 | E3: 0 | F3: 701
A4: ='Локальная смета 1'!A3 -> Объект | B4: 0 | C4: 2 | D4: 0 | E4: 0 | F4: 702
A5: ='Локальная смета 1'!A4 -> ЛОКАЛЬНАЯ СМЕТА № 1.01 | B5: 0 | C5: 3 | D5: 0 | E5: 0 | F5: 703
A6: ='Локальная смета 1'!A5 -> на Разборку и омоноличивание балок | B6: 0 | C6: 4 | D6: 0 | E6: 0 | F6: 704
A7: ='Локальная смета 1'!A6 -> Основание | B7: 0 | C7: 5 | D7: 0 | E7: 0 | F7: 705
A8: ='Локальная смета 1'!M6 -> Сметная стоимость - | B8: 0 | C8: 5 | D8: 1 | E8: 0 | F8: 705
A9: ='Локальная смета 1'!A7 -> Чертежи № | B9: 0 | C9: 6 | D9: 0 | E9: 0 | F9: 706
A10: ='Локальная смета 1'!M7 -> 0 | B10: 0 | C10: 6 | D10: 1 | E10: 0 | F10: 706
A11: ='Локальная смета 1'!A8 -> 0 | B11: 0 | C11: 7 | D11: 0 | E11: 0 | F11: 707
A12: ='Локальная смета 1'!M8 -> 0 | B12: 0 | C12: 7 | D12: 1 | E12: 0 | F12: 707
A13: ='Локальная смета 1'!A9 -> Составлена в ценах I квартала 2009 г | B13: 0 | C13: 8 | D13: 0 | E13: 0 | F13: 708
A14: ='Локальная смета 1'!A10 -> № п/п | B14: 0 | C14: 10 | D14: 0 | E14: 0 | F14: 11200
A15: ='Локальная смета 1'!B10 -> Шифр и номер позиции норматива | B15: 0 | C15: 10 | D15: 1 | E15: 0 | F15: 11200
A16: ='Локальная смета 1'!C10 -> Наименование работ и затрат | B16: 0 | C16: 10 | D16: 2 | E16: 0 | F16: 11200
A17: ='Локальная смета 1'!E10 -> Количество | B17: 0 | C17: 10 | D17: 3 | E17: 0 | F17: 11200
A18: ='Локальная смета 1'!E12 -> ед. изм. | B18: 0 | C18: 10 | D18: 4 | E18: 0 | F18: 11200
A19: ='Локальная смета 1'!F10 -> Стоимость на единицу, руб | B19: 0 | C19: 10 | D19: 5 | E19: 0 | F19: 11200
A20: ='Локальная смета 1'!F11 -> Всего | B20: 0 | C20: 10 | D20: 6 | E20: 0 | F20: 11200
A21: ='Локальная смета 1'!F13 -> Основной зарплаты | B21: 0 | C21: 10 | D21: 7 | E21: 0 | F21: 11200
A22: ='Локальная смета 1'!G11 -> Экспл. машин | B22: 0 | C22: 10 | D22: 8 | E22: 0 | F22: 11200
A23: ='Локальная смета 1'!G13 -> В т.ч. зарплаты | B23: 0 | C23: 10 | D23: 9 | E23: 0 | F23: 11200
A24: ='Локальная смета 1'!K10 -> Общая стоимость, руб. | B24: 0 | C24: 10 | D24: 10 | E24: 0 | F24: 11200
A25: ='Локальная смета 1'!K11 -> Всего | B25: 0 | C25: 10 | D25: 11 | E25: 0 | F25: 11200
A26: ='Локальная смета 1'!N11 -> Основной зарплаты | B26: 0 | C26: 10 | D26: 12 | E26: 0 | F26: 11200
A27: ='Локальная смета 1'!Q11 -> Экспл. машин | B27: 0 | C27: 10 | D27: 13 | E27: 0 | F27: 11200
A28: ='Локальная смета 1'!Q13 -> В т.ч. зарплаты | B28: 0 | C28: 10 | D28: 14 | E28: 0 | F28: 11200
A29: ='Локальная смета 1'!V10 -> Затраты труда рабочих, чел.-ч. не занят. обсл. машин | B29: 0 | C29: 10 | D29: 15 | E29: 0 | F29: 11200
A30: ='Локальная смета 1'!V11 -> обслуживающ. машины | B30: 0 | C30: 10 | D30: 16 | E30: 0 | F30: 11200
A31: ='Локальная смета 1'!V13 -> На един. | B31: 0 | C31: 10 | D31: 17 | E31: 0 | F31: 11200
A32: ='Локальная смета 1'!X13 -> Всего | B32: 0 | C32: 10 | D32: 18 | E32: 0 | F32: 11200
A33: ='Локальная смета 1'!I11 -> Материалы | B33: 0 | C33: 10 | D33: 19 | E33: 0 | F33: 11200
A34: ='Локальная смета 1'!S11 -> Материалы | B34: 0 | C34: 10 | D34: 20 | E34: 0 | F34: 11200
A35: ='Локальная смета 1'!A16 -> 1 | B35: 0 | C35: 180 | D35: 0 | E35: 0 | F35: 11202
A36: ='Локальная смета 1'!B16 -> ФЕР46-04-003-05 | B36: 0 | C36: 180 | D36: 1 | E36: 0 | F36: 11202
A37: ='Локальная смета 1'!C16 -> Разборка бетонных конструкций объемом более 1 м3 при помощи отбойных молотков из бетона марки: 300 | B37: 0 | C37: 180 | D37: 2 | E37: 0 | F37: 11202
A38: ='Локальная смета 1'!E17 -> 1 м3 | B38: 0 | C38: 180 | D38: 3 | E38: 0 | F38: 11202
A39: ='Локальная смета 1'!E16 -> 2.1164 | B39: 0 | C39: 180 | D39: 4 | E39: 0 | F39: 11202
A40: ='Локальная смета 1'!F17 -> 423 | B40: 0 | C40: 180 | D40: 6 | E40: 0 | F40: 11202
A41: ='Локальная смета 1'!G16 -> 3523.39 | B41: 0 | C41: 180 | D41: 7 | E41: 0 | F41: 11202
A42: ='Локальная смета 1'!G17 -> 232.18 | B42: 0 | C42: 180 | D42: 8 | E42: 0 | F42: 11202
A43: ='Локальная смета 1'!V16 -> 49.59 | B43: 0 | C43: 180 | D43: 9 | E43: 0 | F43: 11202
A44: ='Локальная смета 1'!V17 -> 23.08 | B44: 0 | C44: 180 | D44: 10 | E44: 0 | F44: 11202
A45: ='Локальная смета 1'!I16 -> 0 | B45: 0 | C45: 180 | D45: 18 | E45: 0 | F45: 11202
A46: ='Локальная смета 1'!A18 -> 2 | B46: 0 | C46: 52 | D46: 0 | E46: 0 | F46: 11222
A47: ='Локальная смета 1'!B18 -> ССЦ01.2000 п.3 | B47: 0 | C47: 52 | D47: 1 | E47: 0 | F47: 11222
A48: ='Локальная смета 1'!C18 -> Погрузочные работы: Изделия из сборного железобетона, бетона, керамзитобетона массой до 3 т -Погрузка мусора от разборки | B48: 0 | C48: 52 | D48: 2 | E48: 0 | F48: 11222
A49: ='Локальная смета 1'!E19 -> тонн | B49: 0 | C49: 52 | D49: 3 | E49: 0 | F49: 11222
A50: ='Локальная смета 1'!E18 -> 5.291 | B50: 0 | C50: 52 | D50: 4 | E50: 0 | F50: 11222
A51: ='Локальная смета 1'!F18 -> 7.46 | B51: 0 | C51: 52 | D51: 5 | E51: 0 | F51: 11222
A52: ='Локальная смета 1'!G18 -> 0 | B52: 0 | C52: 52 | D52: 6 | E52: 0 | F52: 11222
A53: ='Локальная смета 1'!V18 -> 0 | B53: 0 | C53: 52 | D53: 8 | E53: 0 | F53: 11222
A54: ='Локальная смета 1'!I18 -> 0 | B54: 0 | C54: 52 | D54: 9 | E54: 0 | F54: 11222
A55: ='Локальная смета 1'!F19 -> 7.46 | B55: 0 | C55: 52 | D55: 13 | E55: 0 | F55: 11222
A56: ='Локальная смета 1'!G19 -> 0 | B56: 0 | C56: 52 | D56: 14 | E56: 0 | F56: 11222
A57: ='Локальная смета 1'!A20 -> 3 | B57: 0 | C57: 57 | D57: 0 | E57: 0 | F57: 11221
A58: ='Локальная смета 1'!B20 -> ССЦ01.2000 Табл.8-1 | B58: 0 | C58: 57 | D58: 1 | E58: 0 | F58: 11221
A59: ='Локальная смета 1'!C20 -> Расстояние перевозки - от 0,1 до 1 км, класс груза - 1, раздел таблицы - 8 | B59: 0 | C59: 57 | D59: 2 | E59: 0 | F59: 11221
A60: ='Локальная смета 1'!E21 -> тонн | B60: 0 | C60: 57 | D60: 3 | E60: 0 | F60: 11221
A61: ='Локальная смета 1'!E20 -> 5.291 | B61: 0 | C61: 57 | D61: 4 | E61: 0 | F61: 11221
A62: ='Локальная смета 1'!F20 -> 2.6 | B62: 0 | C62: 57 | D62: 5 | E62: 0 | F62: 11221
A63: ='Локальная смета 1'!G20 -> 0 | B63: 0 | C63: 57 | D63: 6 | E63: 0 | F63: 11221
A64: ='Локальная смета 1'!V20 -> 0 | B64: 0 | C64: 57 | D64: 8 | E64: 0 | F64: 11221
A65: ='Локальная смета 1'!I20 -> 0 | B65: 0 | C65: 57 | D65: 9 | E65: 0 | F65: 11221
A66: ='Локальная смета 1'!A22 -> 4 | B66: 0 | C66: 152 | D66: 0 | E66: 0 | F66: 11222
A67: ='Локальная смета 1'!B22 -> ССЦ01.2000 п.3 | B67: 0 | C67: 152 | D67: 1 | E67: 0 | F67: 11222
A68: ='Локальная смета 1'!C22 -> Погрузочные работы: Изделия из сборного железобетона, бетона, керамзитобетона массой до 3 т Объем:((17,6017-2,1164)+3,84)*2,5 -Погрузка подготовленных балок | B68: 0 | C68: 152 | D68: 2 | E68: 0 | F68: 11222
A69: ='Локальная смета 1'!E23 -> тонн | B69: 0 | C69: 152 | D69: 3 | E69: 0 | F69: 11222
A70: ='Локальная смета 1'!E22 -> 48.31325 | B70: 0 | C70: 152 | D70: 4 | E70: 0 | F70: 11222
A71: ='Локальная смета 1'!F22 -> 7.46 | B71: 0 | C71: 152 | D71: 5 | E71: 0 | F71: 11222
A72: ='Локальная смета 1'!G22 -> 7.46 | B72: 0 | C72: 152 | D72: 6 | E72: 0 | F72: 11222
A73: ='Локальная смета 1'!V22 -> 0 | B73: 0 | C73: 152 | D73: 8 | E73: 0 | F73: 11222
A74: ='Локальная смета 1'!I22 -> 0 | B74: 0 | C74: 152 | D74: 9 | E74: 0 | F74: 11222
A75: ='Локальная смета 1'!F23 -> 0 | B75: 0 | C75: 152 | D75: 13 | E75: 0 | F75: 11222
A76: ='Локальная смета 1'!G23 -> 1.21 | B76: 0 | C76: 152 | D76: 14 | E76: 0 | F76: 11222
A77: ='Локальная смета 1'!A24 -> 5 | B77: 0 | C77: 153 | D77: 0 | E77: 0 | F77: 11221
A78: ='Локальная смета 1'!B24 -> ССЦ01.2000 Табл.8-1 | B78: 0 | C78: 153 | D78: 1 | E78: 0 | F78: 11221
A79: ='Локальная смета 1'!C24 -> Расстояние перевозки - от 0,1 до 1 км, класс груза - 1, раздел таблицы - 8 -перевозка балок со склада до места монтажа | B79: 0 | C79: 153 | D79: 2 | E79: 0 | F79: 11221
A80: ='Локальная смета 1'!E25 -> тонн | B80: 0 | C80: 153 | D80: 3 | E80: 0 | F80: 11221
A81: ='Локальная смета 1'!E24 -> 48.31325 | B81: 0 | C81: 153 | D81: 4 | E81: 0 | F81: 11221
A82: ='Локальная смета 1'!F24 -> 2.6 | B82: 0 | C82: 153 | D82: 5 | E82: 0 | F82: 11221
A83: ='Локальная смета 1'!G24 -> 2.6 | B83: 0 | C83: 153 | D83: 6 | E83: 0 | F83: 11221
A84: ='Локальная смета 1'!V24 -> 0 | B84: 0 | C84: 153 | D84: 8 | E84: 0 | F84: 11221
A85: ='Локальная смета 1'!I24 -> 0 | B85: 0 | C85: 153 | D85: 9 | E85: 0 | F85: 11221
A86: ='Локальная смета 1'!A26 -> 6 | B86: 0 | C86: 155 | D86: 0 | E86: 0 | F86: 11222
A87: ='Локальная смета 1'!B26 -> ССЦ01.2000 п.3 | B87: 0 | C87: 155 | D87: 1 | E87: 0 | F87: 11222
A88: ='Локальная смета 1'!C26 -> Разгрузочные работы: Изделия из сборного железобетона, бетона, керамзитобетона массой до 3 т | B88: 0 | C88: 155 | D88: 2 | E88: 0 | F88: 11222
A89: ='Локальная смета 1'!E27 -> тонн | B89: 0 | C89: 155 | D89: 3 | E89: 0 | F89: 11222
A90: ='Локальная смета 1'!E26 -> 48.31325 | B90: 0 | C90: 155 | D90: 4 | E90: 0 | F90: 11222
A91: ='Локальная смета 1'!F26 -> 7.46 | B91: 0 | C91: 155 | D91: 5 | E91: 0 | F91: 11222
A92: ='Локальная смета 1'!G26 -> 7.46 | B92: 0 | C92: 155 | D92: 6 | E92: 0 | F92: 11222
A93: ='Локальная смета 1'!V26 -> 0 | B93: 0 | C93: 155 | D93: 8 | E93: 0 | F93: 11222
A94: ='Локальная смета 1'!I26 -> 0 | B94: 0 | C94: 155 | D94: 9 | E94: 0 | F94: 11222
A95: ='Локальная смета 1'!F27 -> 0 | B95: 0 | C95: 155 | D95: 13 | E95: 0 | F95: 11222
A96: ='Локальная смета 1'!G27 -> 1.21 | B96: 0 | C96: 155 | D96: 14 | E96: 0 | F96: 11222
A97: ='Локальная смета 1'!A28 -> 7 | B97: 0 | C97: 21 | D97: 0 | E97: 0 | F97: 11202
A98: ='Локальная смета 1'!B28 -> ФЕР46-03-001-01 | B98: 0 | C98: 21 | D98: 1 | E98: 0 | F98: 11202
A99: ='Локальная смета 1'!C28 -> Сверление кольцевыми алмазными сверлами в железобетонных конструкциях с применением охлаждающей жидкости (воды) вертикальных отверстий глубиной 200 мм диаметром 20 мм -сверление отв. Глубиной 160 мм диаметром 16 мм | B99: 0 | C99: 21 | D99: 2 | E99: 0 | F99: 11202
A100: ='Локальная смета 1'!E29 -> 100 отверстий | B100: 0 | C100: 21 | D100: 3 | E100: 0 | F100: 11202
...
